[Event "Marienbad Open-B2 2019"]
[Site "Marianske Lazne"]
[Date "2019.01.20"]
[Round "2"]
[White "Lukasiewicz, Krzysztof"]
[Black "Stigar, Petter"]
[Result "1/2-1/2"]
[ECO "C07"]
[WhiteElo "2223"]
[BlackElo "2177"]
[Annotator "ChessBase"]
[PlyCount "73"]
[EventDate "2019.01.17"]
[EventType "tourn"]
[EventCountry "CZE"]
[SourceTitle "playchess.com"]
[Source "ChessBase"]
[SourceQuality "1"]
[TimeControl "40/5400+30:1800+30"]

1. e4 e6 2. d4 d5 3. Nd2 c5 4. exd5 Qxd5 5. Ngf3 cxd4 6. Bc4 Qd6 7. O-O Nf6 8. Nb3 Nc6 9. Nbxd4 Nxd4 10. Nxd4 Be7 11. c3 O-O 12. Qf3 Qc7 13. Bd3 Bd7 14. Re1 Rfe8 15. Bf4 Bd6 16. Bxd6 Qxd6 17. Rad1 Qb6 18. Rd2 Rad8 19. Qg3 Bc6 20. Nxc6 Qxc6 21. Red1 Qb6 22. Qh4 h6 23. Qa4 a6 24. h3 Qc7 25. c4 e5 26. Bf1 Rxd2 27. Rxd2 e4 28. Qb4 e3 29. fxe3 Qg3 30. Re2 Rxe3 31. Qd2 Rxe2 32. Qxe2 Qf4 33. Qf2 Qc1 34. Qd4 Qe1 35. Qf2 Qc1 36. Qd4 Qe1 37. Qf2 1/2-1/2

[Event "Marienbad Open-B2 2019"]
[Site "Marianske Lazne"]
[Date "2019.01.20"]
[Round "2"]
[White "Hesse, Henrik"]
[Black "Cerveny, Petr"]
[Result "0-1"]
[ECO "A13"]
[WhiteElo "2166"]
[BlackElo "2318"]
[Annotator "ChessBase"]
[PlyCount "138"]
[EventDate "2019.01.17"]
[EventType "tourn"]
[EventCountry "CZE"]
[SourceTitle "playchess.com"]
[Source "ChessBase"]
[SourceQuality "1"]
[TimeControl "40/5400+30:1800+30"]

1. c4 e6 2. g3 d5 3. Bg2 d4 4. e3 c5 5. exd4 cxd4 6. d3 Nc6 7. Nf3 Bd6 8. a3 a5 9. b3 Nge7 10. Bb2 e5 11. Nbd2 O-O 12. O-O Rb8 13. Re1 Bc7 14. c5 Be6 15. Nc4 f6 16. Rc1 Bd5 17. Qd2 b5 18. cxb6 Bxb6 19. b4 Bc7 20. Qe2 Rf7 21. bxa5 Nxa5 22. Nfd2 Nec6 23. Bxd5 Qxd5 24. Qe4 Qxe4 25. Nxe4 Nb3 26. Rc2 Rd7 27. Ncd2 Nxd2 28. Nxd2 Ba5 29. Re2 Bxd2 30. Rexd2 Ne7 31. Kf1 Rdb7 32. Ke2 Nd5 33. Rc5 Rxb2 34. Rxd5 Rxd2+ 35. Kxd2 Ra8 36. f4 exf4 37. Rxd4 fxg3 38. hxg3 Rxa3 39. Rd7 h5 40. Rd5 Ra2+ 41. Ke3 g5 42. Rd7 Ra4 43. d4 Ra3+ 44. Kf2 g4 45. d5 Rf3+ 46. Kg2 Rd3 47. d6 f5 48. Kf2 h4 49. gxh4 f4 50. Re7 g3+ 51. Kg2 Rd2+ 52. Kf3 Rf2+ 53. Ke4 g2 54. d7 Rd2 55. Re8+ Kf7 56. d8=Q Rxd8 57. Rxd8 g1=Q 58. Kxf4 Qf2+ 59. Kg4 Qe2+ 60. Kg3 Qe5+ 61. Kg4 Qg7+ 62. Kh3 Qc3+ 63. Kg4 Ke7 64. Rb8 Qd4+ 65. Kf3 Qd5+ 66. Kf2 Qf5+ 67. Kg2 Qg4+ 68. Kh1 Qh3+ 69. Kg1 Qg3+ 0-1

[Event "Marienbad Open-B2 2019"]
[Site "Marianske Lazne"]
[Date "2019.01.20"]
[Round "2"]
[White "German, Nikita"]
[Black "Kacharava, Nikolozi"]
[Result "1/2-1/2"]
[ECO "C41"]
[WhiteElo "2162"]
[BlackElo "2397"]
[Annotator "ChessBase"]
[PlyCount "101"]
[EventDate "2019.01.17"]
[EventType "tourn"]
[EventCountry "CZE"]
[SourceTitle "playchess.com"]
[Source "ChessBase"]
[SourceQuality "1"]
[TimeControl "40/5400+30:1800+30"]

1. e4 d6 2. d4 Nf6 3. Nc3 e5 4. Nf3 Nbd7 5. Bc4 Be7 6. O-O O-O 7. Re1 c6 8. a4 a5 9. h3 h6 10. b3 Nb6 11. Bf1 exd4 12. Nxd4 Re8 13. Qf3 Nh7 14. Ba3 Bf6 15. Rad1 Be5 16. Qe3 Qg5 17. Nf3 Qxe3 18. Rxe3 Bxc3 19. Rxc3 Rxe4 20. Rxd6 Re8 21. Re3 Be6 22. c4 Nf6 23. Bb2 Red8 24. Rxd8+ Rxd8 25. Bc3 Ra8 26. Re5 Nbd7 27. Rxa5 Rxa5 28. Bxa5 Bf5 29. Be2 c5 30. Bd1 Nb8 31. Kf1 Nc6 32. Bd2 b6 33. Ke2 Kf8 34. Ke3 Ke7 35. Bc3 Ke6 36. Ne1 Ne8 37. Bc2 Bxc2 38. Nxc2 Na5 39. Na1 g6 40. Kd3 Nd6 41. Bxa5 bxa5 42. Nc2 h5 43. Ne3 Nf5 44. Nxf5 Kxf5 45. Ke3 Ke5 46. g3 f6 47. f4+ Ke6 48. g4 f5 49. Kf3 h4 50. gxf5+ gxf5 51. Ke3 1/2-1/2

[Event "Marienbad Open-B2 2019"]
[Site "Marianske Lazne"]
[Date "2019.01.21"]
[Round "3"]
[White "Frolov, Artur"]
[Black "Lukasiewicz, Krzysztof"]
[Result "1-0"]
[ECO "B19"]
[WhiteElo "2430"]
[BlackElo "2223"]
[Annotator "ChessBase"]
[PlyCount "109"]
[EventDate "2019.01.17"]
[EventType "tourn"]
[EventCountry "CZE"]
[SourceTitle "playchess.com"]
[Source "ChessBase"]
[SourceQuality "1"]
[TimeControl "40/5400+30:1800+30"]

1. e4 c6 2. d4 d5 3. Nd2 dxe4 4. Nxe4 Bf5 5. Ng3 Bg6 6. Nf3 Nd7 7. h4 h6 8. h5 Bh7 9. Bd3 Bxd3 10. Qxd3 e6 11. Bf4 Qa5+ 12. Bd2 Bb4 13. a3 Bxd2+ 14. Qxd2 Qc7 15. Ne4 Ngf6 16. Nxf6+ Nxf6 17. O-O-O c5 18. Qe2 O-O 19. Ne5 Rad8 20. dxc5 Qxc5 21. g4 Rd5 22. Rxd5 Qxd5 23. Rd1 Qa2 24. c3 Qb3 25. Qc4 Qxc4 26. Nxc4 Nxg4 27. Rd7 g5 28. f3 Nh2 29. Nd2 Rb8 30. c4 g4 31. fxg4 Nxg4 32. Ne4 Ne5 33. Rc7 b6 34. b4 a5 35. b5 Rd8 36. c5 Nd3+ 37. Kc2 Nxc5 38. Nxc5 bxc5 39. b6 Rb8 40. b7 Kg7 41. Kd3 Kf6 42. Kc4 Ke5 43. Kxc5 f5 44. Kc6 f4 45. Rc8 Rxb7 46. Kxb7 Ke4 47. Rf8 f3 48. Rf6 e5 49. Rxh6 Kf5 50. Rh8 e4 51. h6 e3 52. Rf8+ Kg4 53. h7 e2 54. h8=Q e1=Q 55. Qg7+ 1-0

[Event "Marienbad Open-B2 2019"]
[Site "Marianske Lazne"]
[Date "2019.01.21"]
[Round "3"]
[White "Kacharava, Nikolozi"]
[Black "Jurek, Josef"]
[Result "1-0"]
[ECO "C03"]
[WhiteElo "2397"]
[BlackElo "2273"]
[Annotator "NA"]
[PlyCount "67"]
[EventDate "2019.01.17"]
[EventType "tourn"]
[EventCountry "CZE"]
[SourceTitle "playchess.com"]
[Source "ChessBase"]
[SourceQuality "1"]
[TimeControl "40/5400+30:1800+30"]

1. e4 e6 2. d4 d5 3. Nd2 Be7 4. Ngf3 Nf6 5. Bd3 c5 6. exd5 Qxd5 7. dxc5 Nbd7 8. b4 {[%emt 0:00:52] C03: French Tarrasch: Unusual Black 3rd moves} a5 9. Bc4 Qh5 10. c3 Nd5 {[%emt 0:02:22] LiveBook: 16 Games} 11. Bxd5 Qxd5 12. Bb2 (12. a4 b6 13. O-O bxc5 14. b5 Bb7 15. c4 Qf5 {½-½ (44) Naiditsch,A (2716)-Edouard,R (2602) Mulhouse 2011 CBM 142 Extra [Edouard,R]}) 12... axb4 13. cxb4 Rxa2 14. Rxa2 Qxa2 15. Qc1 O-O 16. O-O $146 Bf6 17. Bxf6 Nxf6 18. Qc4 Qxc4 19. Nxc4 Bd7 20. Nd6 Bc6 21. Ne5 Bd5 22. f3 Nh5 $2 (22... Ra8 $16 23. b5 (23. Ndxf7 Kf8 $16) (23. Nexf7 Kf8 $16) 23... Kf8) 23. Ra1 Nf4 24. Nd7 Rd8 25. Nb6 Rb8 26. b5 g5 27. Nd7 Rd8 28. Nf6+ Kg7 29. Nxd5 exd5 30. Nxb7 Re8 31. c6 Re2 $18 32. c7 Rxg2+ 33. Kh1 Rc2 34. Nd6 1-0

[Event "Marienbad Open-B2 2019"]
[Site "Marianske Lazne"]
[Date "2019.01.21"]
[Round "3"]
[White "Cerveny, Petr"]
[Black "German, Nikita"]
[Result "1/2-1/2"]
[ECO "C18"]
[WhiteElo "2318"]
[BlackElo "2162"]
[Annotator "ChessBase"]
[PlyCount "85"]
[EventDate "2019.01.17"]
[EventType "tourn"]
[EventCountry "CZE"]
[SourceTitle "playchess.com"]
[Source "ChessBase"]
[SourceQuality "1"]
[TimeControl "40/5400+30:1800+30"]

1. e4 e6 2. d4 d5 3. Nc3 Bb4 4. e5 c5 5. a3 Bxc3+ 6. bxc3 Ne7 7. h4 Qc7 8. Nf3 b6 9. h5 h6 10. Bb5+ Bd7 11. Bd3 Nbc6 12. O-O Rc8 13. Re1 Na5 14. Bf4 Ba4 15. Ra2 Qc6 16. Qb1 Kd8 17. Bg3 Kc7 18. Bh4 Qd7 19. g4 Nc4 20. Rd1 Na5 21. dxc5 bxc5 22. Qc1 Bc6 23. Be2 Rhg8 24. Qe3 Nb7 25. Bg3 Kb8 26. Rb2 Ka8 27. Rdb1 Rc7 28. Kh2 Nc8 29. Qd3 g6 30. Qa6 Ne7 31. hxg6 Nxg6 32. Bb5 Ne7 33. Kh3 Rh8 34. Bh4 Bxb5 35. Rxb5 Ng6 36. Bg3 Qe7 37. Kg2 Rg8 38. Kf1 Qd7 39. Nd2 Ne7 40. Qa4 c4 41. f3 h5 42. Bf2 Nc6 43. Bg3 1/2-1/2

[Event "Marienbad Open-B2 2019"]
[Site "Marianske Lazne"]
[Date "2019.01.21"]
[Round "3"]
[White "Stigar, Petter"]
[Black "Hesse, Henrik"]
[Result "1/2-1/2"]
[ECO "C42"]
[WhiteElo "2177"]
[BlackElo "2166"]
[Annotator "NA"]
[PlyCount "61"]
[EventDate "2019.01.17"]
[EventType "tourn"]
[EventCountry "CZE"]
[SourceTitle "playchess.com"]
[Source "ChessBase"]
[SourceQuality "1"]
[TimeControl "40/5400+30:1800+30"]

1. e4 e5 2. Nf3 Nf6 3. Nxe5 d6 4. Nf3 Nxe4 5. Nc3 Nxc3 6. dxc3 Be7 7. Be3 Nd7 8. Qd2 {[%emt 0:00:33] C42: Petroff Defence: 3 Nxe5 and unusual White 3rd moves} O-O 9. O-O-O b6 (9... Nf6 10. Bd3 c5 11. Rhe1 Be6 12. Kb1 Qa5 13. c4 Qxd2 14. Bxd2 h6 15. Nh4 Rfe8 {½-½ (55) Carlsen,M (2835)-Caruana,F (2832) London 2018}) 10. h4 Bb7 11. Bd3 Nc5 12. Ng5 $146 ({Predecessor:} 12. Nd4 Bf6 13. Rh3 Bxg2 14. Rg3 Ne4 15. Bxe4 Bxe4 {½-½ (57) Colpe,M (2382)-Hesse,H (2057) Lueneburg 2018}) 12... h6 13. Bh7+ Kh8 14. Bf5 Qe8 15. Bd4 f6 ({Not} 15... hxg5 $2 16. hxg5+ Kg8 17. Rh7 $18) ({And not} 15... Bxg2 {[#]} 16. Nxf7+ $1 Kg8 17. Qxh6 $1 Bg5+ 18. hxg5 Qe5 19. Bxe5 Kxf7 20. Qxg7+ Ke8 21. Qg6+ Ke7 22. Bf6+ Rxf6 23. gxf6+ Kf8 24. Rh8#) 16. Nh3 Be4 17. Bxe4 Nxe4 18. Qe3 d5 19. c4 c6 20. cxd5 cxd5 21. Nf4 Bd6 22. Nxd5 Qe6 23. Nc3 Rae8 24. Qxe4 Qxe4 25. Nxe4 Rxe4 26. Be3 Bf4 27. Bxf4 Rxf4 28. Rd2 Re8 29. g3 $16 Rfe4 30. c3 f5 31. Kc2 1/2-1/2

[Event "Marienbad Open-B2 2019"]
[Site "Marianske Lazne"]
[Date "2019.01.21"]
[Round "3"]
[White "Ng, Jen Sheng"]
[Black "Plischki, Sebastian"]
[Result "1/2-1/2"]
[ECO "B90"]
[WhiteElo "2075"]
[BlackElo "2426"]
[Annotator "ChessBase"]
[PlyCount "49"]
[EventDate "2019.01.17"]
[EventType "tourn"]
[EventCountry "CZE"]
[SourceTitle "playchess.com"]
[Source "ChessBase"]
[SourceQuality "1"]
[TimeControl "40/5400+30:1800+30"]

1. e4 c5 2. Nf3 d6 3. d4 cxd4 4. Nxd4 Nf6 5. Nc3 a6 6. Bc4 e6 7. Bb3 Nbd7 8. f4 Nc5 9. Qf3 b5 10. f5 Bd7 11. fxe6 fxe6 12. O-O Be7 13. e5 dxe5 14. Nc6 Bxc6 15. Qxc6+ Kf7 16. Be3 Qd6 17. Qf3 Nxb3 18. axb3 Rhc8 19. Ne4 Qc6 20. Bg5 Kg8 21. Bxf6 gxf6 22. Nxf6+ Kh8 23. Qxc6 Rxc6 24. c3 b4 25. Ne4 1/2-1/2

[Event "Marienbad Open-B2 2019"]
[Site "Marianske Lazne"]
[Date "2019.01.22"]
[Round "4"]
[White "Jurek, Josef"]
[Black "Cerveny, Petr"]
[Result "1-0"]
[ECO "E66"]
[WhiteElo "2273"]
[BlackElo "2318"]
[Annotator "NA"]
[PlyCount "79"]
[EventDate "2019.01.17"]
[EventType "tourn"]
[EventCountry "CZE"]
[SourceTitle "playchess.com"]
[Source "ChessBase"]
[SourceQuality "1"]
[TimeControl "40/5400+30:1800+30"]

1. Nf3 d6 2. d4 Nf6 3. c4 g6 4. g3 Bg7 5. Bg2 O-O 6. Nc3 Nc6 7. O-O a6 8. d5 Na5 9. Nd2 c5 10. Qc2 b5 11. cxb5 {[%emt 0:00:39] E66: King's Indian: Fianchetto: 6...c5 7 0-0 Nc6 8 d5} axb5 12. Nxb5 Qb6 13. Nc3 Bf5 14. e4 (14. Qd1 Rfb8 15. h3 Qa6 16. b3 c4 17. Bb2 Qc8 18. Kh2 Ra7 {0-1 (49) Ivanchuk,V (2753)-Giri,A (2734) Leon 2013}) 14... Bc8 15. h3 {[%emt 0:08:12] LiveBook: 7 Games} Ba6 16. Re1 Nd7 17. Nf3 Rfb8 $146 ({Predecessor:} 17... Ne5 18. Nxe5 Bxe5 {½-½ (36) Neckar,L (2318)-Ratsma,R (2133) Schwarzach 2016}) 18. Rb1 Qb4 19. Bg5 Kf8 20. e5 Nxe5 21. Nxe5 dxe5 22. d6 exd6 {[%emt 0:00:24] [#]} 23. Be7+ $1 Kg8 24. Bxd6 Nc4 25. Bxb8 Rxb8 26. a3 Qb6 27. Nd5 Qd6 28. Red1 Bf8 29. Nb4 cxb4 30. Rxd6 Bxd6 31. axb4 Rxb4 32. Bd5 Bf8 33. Bxc4 Bxc4 34. Ra1 Kg7 35. Ra8 Be6 $2 (35... Bd5) 36. Rxf8 Rc4 37. Qxc4 $18 Bxc4 38. Re8 Kf6 39. b4 g5 40. f3 1-0

[Event "Marienbad Open-B2 2019"]
[Site "Marianske Lazne"]
[Date "2019.01.22"]
[Round "4"]
[White "Lukasiewicz, Krzysztof"]
[Black "Ng, Jen Sheng"]
[Result "1/2-1/2"]
[ECO "A45"]
[WhiteElo "2223"]
[BlackElo "2075"]
[Annotator "NA"]
[PlyCount "57"]
[EventDate "2019.01.17"]
[EventType "tourn"]
[EventCountry "CZE"]
[SourceTitle "playchess.com"]
[Source "ChessBase"]
[SourceQuality "1"]
[TimeControl "40/5400+30:1800+30"]

1. d4 Nf6 2. Bf4 c5 3. d5 b5 4. a4 Bb7 {[%emt 0:06:56] LiveBook: 5 Games} 5. e4 a6 6. axb5 axb5 (6... Nxe4 $14 7. Ne2 e6) 7. Rxa8 Bxa8 8. Nc3 b4 9. Nb5 Na6 10. Qa1 Bb7 11. f3 Qb6 12. Nh3 d6 13. Qa4 Nd7 14. Ng5 g6 15. Ne6 fxe6 16. dxe6 Bc6 17. Nxd6+ exd6 18. exd7+ Kxd7 19. Qxa6 Qxa6 20. Bxa6 Bg7 21. b3 Ra8 22. Be2 Ra1+ 23. Bd1 Bb5 24. Bd2 Bd4 25. h4 Ke6 26. h5 Kf6 27. hxg6 hxg6 28. Rh8 $11 Be5 29. Be3 1/2-1/2

[Event "Marienbad Open-B2 2019"]
[Site "Marianske Lazne"]
[Date "2019.01.22"]
[Round "4"]
[White "Hesse, Henrik"]
[Black "German, Nikita"]
[Result "1-0"]
[ECO "A24"]
[WhiteElo "2166"]
[BlackElo "2162"]
[Annotator "NA RC"]
[PlyCount "63"]
[EventDate "2019.01.17"]
[EventType "tourn"]
[EventCountry "CZE"]
[SourceTitle "playchess.com"]
[Source "ChessBase"]
[SourceQuality "1"]
[TimeControl "40/5400+30:1800+30"]

1. c4 Nf6 2. g3 g6 3. Bg2 Bg7 4. Nc3 O-O 5. e3 d6 6. Nge2 e5 7. O-O Re8 8. d3 Nbd7 9. Rb1 a5 10. a3 Nb6 11. b4 axb4 12. axb4 c6 13. b5 Qc7 14. Qb3 Nfd7 15. bxc6 bxc6 16. Ba3 Rb8 17. Bb4 Nc5 18. Qa3 Ra8 19. Ba5 Nxc4 20. Qxc5 Nxa5 21. Nb5 Qd7 22. Nxd6 Rd8 23. Nxc8 Rdxc8 24. Rfd1 Nb7 25. Qb6 Rab8 26. d4 Qe8 27. Qa7 Rc7 28. d5 Ra8 29. Qb6 Qc8 30. d6 Rd7 31. Bxc6 Rxd6 32. Rxd6 1-0

[Event "Marienbad Open-B2 2019"]
[Site "Marianske Lazne"]
[Date "2019.01.22"]
[Round "5"]
[White "Frolov, Artur"]
[Black "Hesse, Henrik"]
[Result "1/2-1/2"]
[ECO "B48"]
[WhiteElo "2430"]
[BlackElo "2166"]
[Annotator "NA RC"]
[PlyCount "80"]
[EventDate "2019.01.17"]
[EventType "tourn"]
[EventCountry "CZE"]
[SourceTitle "playchess.com"]
[Source "ChessBase"]
[SourceQuality "1"]
[TimeControl "40/5400+30:1800+30"]

1. e4 c5 2. Nf3 e6 3. d4 cxd4 4. Nxd4 Nc6 5. Nc3 Qc7 6. Be3 a6 7. f3 Nf6 8. Qd2 Be7 9. g4 b5 10. Nxc6 dxc6 11. g5 Nh5 12. Bh3 e5 13. Bxc8 Rxc8 14. O-O-O O-O 15. Qd7 Rfd8 16. Qxc7 Rxc7 17. Rxd8+ Bxd8 18. Rd1 Be7 19. Ne2 Kf8 20. c4 Ke8 21. Ng3 Nxg3 22. hxg3 Rd7 23. Rxd7 Kxd7 24. Kc2 Bb4 25. Kd3 Kd6 26. b3 Bc5 27. Bc1 Bf2 28. g4 b4 29. a3 a5 30. a4 c5 31. f4 g6 32. Bb2 Bd4 33. fxe5+ Bxe5 34. Bc1 Ke6 35. Be3 Kd6 36. Ke2 Kc6 37. Kf3 Kd6 38. Bf4 Ke6 39. Ke3 Kd6 40. Kf3 Ke6 1/2-1/2

[Event "Marienbad Open-B2 2019"]
[Site "Marianske Lazne"]
[Date "2019.01.22"]
[Round "5"]
[White "Kacharava, Nikolozi"]
[Black "Lukasiewicz, Krzysztof"]
[Result "1-0"]
[ECO "C54"]
[WhiteElo "2397"]
[BlackElo "2223"]
[Annotator "NA"]
[PlyCount "135"]
[EventDate "2019.01.17"]
[EventType "tourn"]
[EventCountry "CZE"]
[SourceTitle "playchess.com"]
[Source "ChessBase"]
[SourceQuality "1"]
[TimeControl "40/5400+30:1800+30"]

1. e4 e5 2. Nf3 Nc6 3. Bc4 Bc5 4. c3 Nf6 5. d3 d6 6. O-O O-O 7. a4 a5 8. Bg5 h6 9. Bh4 Ba7 10. Na3 Be6 11. Re1 Qe7 12. Bb5 Nb8 13. d4 c6 14. Bd3 Nbd7 15. h3 Rfe8 16. Nc4 Bxc4 17. Bxc4 Nf8 18. Bg3 Rad8 19. Nh4 g6 20. Qb3 Nh5 21. Nf3 Nxg3 22. fxg3 Rd7 23. Kh2 Kg7 24. Rf1 Nh7 25. Rf2 Rf8 26. Raf1 Qe8 27. Rd2 Nf6 28. dxe5 Nxe4 29. Re2 d5 30. Bd3 Nc5 31. Qc2 Re7 32. Rfe1 Bb8 33. c4 Nxd3 34. Qxd3 dxc4 35. Qxc4 Qd8 36. Qc3 Rfe8 37. Rd2 Qc7 38. Red1 Kh7 39. Rd6 Qb6 40. Rf6 Rd8 41. Rf1 Rdd7 42. e6 fxe6 43. Rf8 Bxg3+ 44. Kxg3 Qc7+ 45. Qe5 Qxe5+ 46. Nxe5 Rd5 47. Kf4 Rd2 48. b3 Rb2 49. Nc4 Rxb3 50. Ke5 Rb4 51. Nd6 Rxa4 52. Kf6 Rg7 53. Nf7 Rg8 54. Rxg8 Kxg8 55. Kxg6 Kf8 56. Nd6+ Ke7 57. Nxb7 Ra2 58. Rf7+ Ke8 59. g4 Rh2 60. Nxa5 Rxh3 61. Nxc6 Rh4 62. Ne5 Rh1 63. Rh7 Re1 64. Kf6 Rf1+ 65. Kxe6 Rf4 66. Rh8+ Rf8 67. Rxf8+ Kxf8 68. Kf6 1-0

[Event "Marienbad Open-B2 2019"]
[Site "Marianske Lazne"]
[Date "2019.01.22"]
[Round "5"]
[White "German, Nikita"]
[Black "Jurek, Josef"]
[Result "1/2-1/2"]
[ECO "C03"]
[WhiteElo "2162"]
[BlackElo "2273"]
[Annotator "NA"]
[PlyCount "31"]
[EventDate "2019.01.17"]
[EventType "tourn"]
[EventCountry "CZE"]
[SourceTitle "playchess.com"]
[Source "ChessBase"]
[SourceQuality "1"]
[TimeControl "40/5400+30:1800+30"]

1. e4 e6 2. d4 d5 3. Nd2 Be7 4. Ngf3 Nf6 5. Bd3 c5 6. c3 cxd4 7. Nxd4 e5 8. N4f3 Nc6 9. O-O O-O 10. Qe2 Bg4 11. exd5 Qxd5 12. Ne4 Rad8 13. Nxf6+ Bxf6 14. Be4 Qe6 15. Qc2 Kh8 16. Qd1 1/2-1/2

[Event "Marienbad Open-B2 2019"]
[Site "Marianske Lazne"]
[Date "2019.01.22"]
[Round "5"]
[White "Ng, Jen Sheng"]
[Black "Stigar, Petter"]
[Result "0-1"]
[ECO "C11"]
[WhiteElo "2075"]
[BlackElo "2177"]
[Annotator "NA"]
[PlyCount "108"]
[EventDate "2019.01.17"]
[EventType "tourn"]
[EventCountry "CZE"]
[SourceTitle "playchess.com"]
[Source "ChessBase"]
[SourceQuality "1"]
[TimeControl "40/5400+30:1800+30"]

1. e4 e6 2. d4 d5 3. Nc3 Nf6 4. Bg5 dxe4 5. Bxf6 gxf6 6. Nxe4 f5 7. Ng3 c5 8. Nf3 Nc6 9. Bd3 cxd4 10. O-O Bd7 11. Qe2 Be7 12. Rfe1 Qc7 13. Bb5 O-O-O 14. Rad1 Bb4 15. Rf1 Bc5 16. Qc4 Bb6 17. Rfe1 Rhg8 18. Re2 Rg4 19. Bxc6 Bxc6 20. Rd3 Bxf3 21. Qxc7+ Kxc7 22. Rxf3 Rdg8 23. Rd3 Rd8 24. Nf1 Re4 25. Red2 Re1 26. Rh3 Rh8 27. c3 dxc3 28. Rxc3+ Kb8 29. b4 Rc8 30. Rxc8+ Kxc8 31. g3 Rb1 32. a3 Rb3 33. Ra2 Bd4 34. Nd2 Rb2 35. Rxb2 Bxb2 36. Nc4 Bc1 37. a4 Kd7 38. f4 f6 39. b5 e5 40. fxe5 fxe5 41. Nxe5+ Ke6 42. Nd3 Be3+ 43. Kg2 Kd5 44. Kf3 Bd2 45. Nf4+ Kc4 46. Ne6 Kb4 47. Nd8 Kxa4 48. Nxb7 Bb4 49. Nd8 Kxb5 50. Ne6 Kc4 51. Ng7 Kd3 52. Nxf5 a5 53. Ne3 a4 54. Nd5 Bd6 0-1

[Event "Marienbad Open-B2 2019"]
[Site "Marianske Lazne"]
[Date "2019.01.23"]
[Round "6"]
[White "Lukasiewicz, Krzysztof"]
[Black "Cerveny, Petr"]
[Result "0-1"]
[ECO "B86"]
[WhiteElo "2223"]
[BlackElo "2318"]
[Annotator "NA"]
[PlyCount "116"]
[EventDate "2019.01.17"]
[EventType "tourn"]
[EventCountry "CZE"]
[SourceTitle "playchess.com"]
[Source "ChessBase"]
[SourceQuality "1"]
[TimeControl "40/5400+30:1800+30"]

1. e4 c5 2. Nf3 d6 3. d4 cxd4 4. Nxd4 Nf6 5. Nc3 a6 6. Bc4 e6 7. Bb3 Be7 8. O-O O-O 9. Qf3 Nbd7 10. Qg3 Nc5 11. Bh6 Ne8 12. Be3 Bh4 13. Qg4 Bf6 14. Qe2 b5 15. e5 dxe5 16. Nc6 Qd6 17. Na5 Be7 18. Qf3 Rb8 19. Rfd1 Qc7 20. Nc6 Bb7 21. Nxe7+ Qxe7 22. Qg3 Nxb3 23. axb3 f6 24. Ba7 Rc8 25. Qe3 Rf7 26. Bb6 Nd6 27. Bc5 Nf5 28. Bxe7 Nxe3 29. fxe3 Rxe7 30. Rd2 Kf7 31. Rad1 Rec7 32. b4 Ke7 33. Na2 Bd5 34. Nc3 Bc6 35. Ne2 Rd7 36. Nc1 Rxd2 37. Rxd2 Be4 38. c3 Bd5 39. Nd3 e4 40. Nc5 a5 41. Na6 Rc6 42. Nc5 axb4 43. cxb4 Rc7 44. Kf2 Ra7 45. Kg3 f5 46. Kf4 Kd6 47. g4 Rf7 48. gxf5 Rxf5+ 49. Kg4 Ke7 50. Rd4 Rf2 51. Nxe4 Rxh2 52. Nd2 Rg2+ 53. Kh3 Re2 54. e4 Bc6 55. Kg3 e5 56. Kf3 Rh2 57. Kg3 exd4 58. Kxh2 Kf6 0-1

[Event "Marienbad Open-B2 2019"]
[Site "Marianske Lazne"]
[Date "2019.01.23"]
[Round "6"]
[White "Stigar, Petter"]
[Black "Kacharava, Nikolozi"]
[Result "1/2-1/2"]
[ECO "E62"]
[WhiteElo "2177"]
[BlackElo "2397"]
[Annotator "NA"]
[PlyCount "31"]
[EventDate "2019.01.17"]
[EventType "tourn"]
[EventCountry "CZE"]
[SourceTitle "playchess.com"]
[Source "ChessBase"]
[SourceQuality "1"]
[TimeControl "40/5400+30:1800+30"]

1. d4 d6 2. Nf3 Nf6 3. c4 g6 4. g3 Bg7 5. Bg2 O-O 6. O-O Nc6 7. Nc3 e5 8. dxe5 dxe5 9. Bg5 Be6 10. Nd5 Bxd5 11. Bxf6 Bxf6 12. cxd5 Ne7 13. Ne1 c6 14. dxc6 Nxc6 15. Nd3 Qb6 16. Rc1 1/2-1/2

[Event "Marienbad Open-B2 2019"]
[Site "Marianske Lazne"]
[Date "2019.01.23"]
[Round "6"]
[White "Hesse, Henrik"]
[Black "Jurek, Josef"]
[Result "1/2-1/2"]
[ECO "A13"]
[WhiteElo "2166"]
[BlackElo "2273"]
[Annotator "NA"]
[PlyCount "30"]
[EventDate "2019.01.17"]
[EventType "tourn"]
[EventCountry "CZE"]
[SourceTitle "playchess.com"]
[Source "ChessBase"]
[SourceQuality "1"]
[TimeControl "40/5400+30:1800+30"]

1. c4 Nf6 2. g3 e6 3. Bg2 d5 4. Nf3 dxc4 5. Qa4+ c6 6. Qxc4 b5 7. Qc2 Bb7 8. O-O Nbd7 9. a4 a6 10. Nd4 Rc8 11. Nb3 Qb6 12. d4 c5 13. dxc5 Nxc5 14. Bxb7 Qxb7 15. axb5 axb5 1/2-1/2

[Event "Marienbad Open-B2 2019"]
[Site "Marianske Lazne"]
[Date "2019.01.24"]
[Round "7"]
[White "Kacharava, Nikolozi"]
[Black "Frolov, Artur"]
[Result "0-1"]
[ECO "B56"]
[WhiteElo "2397"]
[BlackElo "2430"]
[Annotator "NA"]
[PlyCount "114"]
[EventDate "2019.01.17"]
[EventType "tourn"]
[EventCountry "CZE"]
[SourceTitle "playchess.com"]
[Source "ChessBase"]
[SourceQuality "1"]
[TimeControl "40/5400+30:1800+30"]

1. e4 c5 2. Nf3 Nc6 3. d4 cxd4 4. Nxd4 Nf6 5. Nc3 d6 6. f3 e5 7. Nb3 Be6 8. Be3 Be7 9. Qe2 O-O 10. O-O-O Na5 11. Qb5 Nxb3+ 12. axb3 Qc7 13. g4 Rfc8 14. Rd2 a6 15. Qb6 Qb8 16. Qa5 b5 17. Qb6 Qxb6 18. Bxb6 b4 19. Nd5 Nxd5 20. exd5 Bd7 21. Be3 a5 22. Bc4 a4 23. Rdd1 e4 24. fxe4 Bxg4 25. Rdf1 Bh3 26. Rd1 Bg2 27. Rhg1 Bxe4 28. Bd4 Bf8 29. Be3 axb3 30. cxb3 g6 31. Kd2 Bg7 32. Bf4 Bxb2 33. Bxd6 Bd4 34. Rg4 Ra2+ 35. Ke1 Bc3+ 36. Kf1 Bf3 37. Rgd4 Re8 38. Bg3 Bxd4 39. Rxd4 Be2+ 40. Bxe2 Rexe2 41. Rxb4 Red2 42. Rb8+ Kg7 43. Be5+ f6 44. Rb7+ Kh6 45. Bf4+ g5 46. Bxd2 Rxd2 47. Rd7 Rxh2 48. b4 Kg6 49. d6 Rb2 50. Rb7 Rd2 51. Rd7 Rd5 52. Rd8 Kf5 53. Rd7 h5 54. Rd8 Ke6 55. b5 Rxb5 56. d7 h4 57. Rf8 Rf5+ 0-1

[Event "Marienbad Open-B2 2019"]
[Site "Marianske Lazne"]
[Date "2019.01.24"]
[Round "7"]
[White "Jurek, Josef"]
[Black "Plischki, Sebastian"]
[Result "1/2-1/2"]
[ECO "E54"]
[WhiteElo "2273"]
[BlackElo "2426"]
[Annotator "ChessBase"]
[PlyCount "132"]
[EventDate "2019.01.17"]
[EventType "tourn"]
[EventCountry "CZE"]
[SourceTitle "playchess.com"]
[Source "ChessBase"]
[SourceQuality "1"]
[TimeControl "40/5400+30:1800+30"]

1. Nf3 Nf6 2. c4 e6 3. d4 c5 4. e3 cxd4 5. exd4 d5 6. Nc3 Bb4 7. Bd3 O-O 8. O-O dxc4 9. Bxc4 b6 10. Bg5 Bxc3 11. bxc3 Nbd7 12. Rc1 Bb7 13. Qe2 Qc7 14. Bd3 Ng4 15. Be4 Bxe4 16. Qxe4 Ngf6 17. Qe2 Rac8 18. c4 Qb7 19. Rfe1 Rc6 20. Bxf6 Nxf6 21. c5 Rc7 22. Ne5 Qd5 23. cxb6 Rxc1 24. Rxc1 axb6 25. Qb2 Qb7 26. a4 Nd5 27. a5 f6 28. Nd3 Rb8 29. Qe2 Qd7 30. axb6 Rxb6 31. g3 Ne7 32. Qe4 Qd5 33. Qg4 Qf5 34. Qxf5 Nxf5 35. Rc8+ Kf7 36. Rc7+ Ne7 37. Kg2 Rd6 38. Nb4 f5 39. h4 Kf6 40. Nc2 Nc6 41. Kf3 Nxd4+ 42. Nxd4 Rxd4 43. Ra7 h5 44. Rb7 Rg4 45. Rb5 g6 46. Ra5 f4 47. Ra8 fxg3 48. fxg3 Rb4 49. Rf8+ Ke5 50. Rg8 Rb3+ 51. Kg2 Kf6 52. Rf8+ Ke7 53. Rg8 Kf7 54. Ra8 Rd3 55. Rb8 e5 56. Rb6 Rd4 57. Kf2 Rg4 58. Ra6 Rb4 59. Kg2 Rb7 60. Kf3 Re7 61. Ke4 Re6 62. Ra8 Kf6 63. Rf8+ Kg7 64. Ra8 Rf6 65. Re8 Rf1 66. Rxe5 Re1+ 1/2-1/2